Unix NetHack Version 5.0.0-0 post-release - last build May  4 2026 22:22:43 (774f63e81ad911689b3a0859ea89b322d5daca8d,branch:main).

Game began 2026-05-06 11:15:02, ended 2026-05-06 13:26:11.

2460080212, lawful female human Valkyrie

                              -----
                             --...--                   -----          - ---
                             |.....|                   ....|  -----   ....|
                           ----....--               ---....---..|.| ......|
                           |........--          -----...................
                           | --.)..(.--         |.......*..........-
                              --<.....--         -...^......^.....-
                               --..|...|        --.%...G....----  |
                                |.----.|        |...........--
                                |.|  |.|        |-....f.|....-
                                |.|  |.-----   --.......|......
                                |.|  |.^...|   |..........--.....-
                                |.|  -----.|   |.....a@........---
                                |.|      |.-----...----------  |
                               --.|      |..`...^..|
                               |..--     ---..---..|
                              --...|       ---- ----
                              |...--
                              --.--
                               ---
2460080212 the Skirmisher   St:18 Dx:12 Co:18 In:11 Wi:7 Ch:9  Lawful
Dlvl:5  $:43 HP:0(34) Pw:6(6) AC:1  Xp:3 T:3062  Deaf

Latest messages:
 The gnome lord misses!
 You swap places with your large cat.
 The large cat misses the gnome lord.
 The gnome lord misses!
 The large cat bites the gnome lord.
 The gnome lord misses the large cat.
 The large cat bites it.
 It misses the large cat.
 You hear a gnome lord incant NR 9.
 A red mold suddenly appears next to you!
 The large cat misses the red mold.
 The large cat is suddenly very hot!
 The large cat bites the red mold.
 The large cat is suddenly very hot!
 The large cat bites the red mold.
 The red mold is killed!
 You hear some noises.
 The large cat misses it.
 You stop.  Your large cat is in the way!
 The large cat bites it.
 You swap places with your large cat.
 Really step onto that sleeping gas trap? [yn] (n) n
 The gnome wields a bow!
 You are momentarily blinded by a flash of light!
 You hear a deafening roar!
 Wait!  There's something there you can't see!
 It bites!
 It bites!
 It misses.
 It bites!
 You kill it!
 It bites!
 It misses!
 Wait!  There's something there you can't see!
 It bites!
 It bites!
 It bites!
 It bites!
 It bites!
 It misses!
 It bites!
 You can see again.
 The giant ant bites!
 The giant ant bites!
 You die...
 Do you want your possessions identified? [ynq] (y) n
 Do you want to see your attributes? [ynq] (y) n
 Do you want an account of creatures vanquished? [ynaq] (y) n
 Do you want to see your conduct and achievements? [ynq] (y) n
 Do you want to see the dungeon overview? [ynq] (y) y

Inventory:
 Coins    ('$')
  $ - 43 gold pieces
 Weapons  (')')
  q - a +0 arrow
  n - 14 +0 darts
  r - 5 cursed +0 darts
  B - a +0 dagger
  a - a +1 spear (weapon in right hand)
  i - a +0 long sword
 Armor    ('[')
  v - a blessed +0 pair of iron shoes (being worn)
  u - an uncursed +0 pair of kicking boots
  c - an uncursed +3 small shield (being worn)
  w - an uncursed +0 dwarvish cloak (being worn)
  g - an uncursed +0 ring mail (being worn)
 Comestibles  ('%')
  k - an uncursed slime mold
  l - 2 uncursed cram rations
  p - an uncursed partly eaten food ration
  e - an uncursed lichen corpse
 Potions  ('!')
  C - a cursed potion of booze
 Rings    ('=')
  f - a cursed ring of polymorph
  o - an uncursed ring of protection from shape changers
 Gems/Stones  ('*')
  y - an uncursed turquoise stone
  s - a cursed worthless piece of orange glass
  x - 2 uncursed worthless pieces of yellowish brown glass

2460080212 the Valkyrie's attributes:

Background:
 You were a Skirmisher, a level 3 human Valkyrie.
 You were lawful, nominally on a mission for Tyr
 who was opposed by Odin (neutral) and Loki (chaotic).
 You were right-handed.
 You were in the Gnomish Mines, on level 5.
 You entered the dungeon 3062 turns ago.
 You had 62 experience points, 18 more were needed to attain level 4.

Basics:
 You had 0 out of 34 hit points.
 You had all 6 energy points (spell power).
 Your armor class was 1.
 Your wallet contained 43 zorkmids.
 Autopickup was off.

Final Characteristics:
 Your strength was 18 (limit:18/100).
 Your dexterity was 12 (limit:18).
 Your constitution was 18 (limit:18).
 Your intelligence was 11 (limit:18).
 Your wisdom was 7 (limit:18).
 Your charisma was 9 (limit:18).

Final Status:
 You were deaf.
 You weren't hungry.
 You were unencumbered.
 You were wielding a spear.
 You had basic skill with spear.

Final Attributes:
 You were piously aligned.
 Your items were somewhat protected from fire.
 You were cold resistant.
 Your items were somewhat protected from cold.
 You were stealthy.
 You were warded.
 You are dead.

Miscellaneous:
 You encountered 1 bones level.
 Total elapsed playing time was 1 hour, 48 minutes and 36 seconds.

Major events:
 Turn
    1: 2460080212 the lawful human Valkyrie entered the dungeon
 1276: entered the Gnomish Mines
 1985: attained the rank of Skirmisher (level 3)
 3062: killed by a giant ant

You didn't know any spells.

Skills:
 Fighting Skills
   bare handed combat [Unskilled]
   two weapon combat  [Unskilled]
   riding             [Unskilled]
 Weapon Skills
   dagger             [Basic]
   axe                [Unskilled]
   pick-axe           [Unskilled]
   short sword        [Unskilled]
   broadsword         [Unskilled]
   long sword         [Unskilled]
   two-handed sword   [Unskilled]
   saber              [Unskilled]
   hammer             [Unskilled]
   quarterstaff       [Unskilled]
   polearms           [Unskilled]
   spear              [Basic]
   trident            [Unskilled]
   lance              [Unskilled]
   sling              [Unskilled]
 Spellcasting Skills
   attack spells      [Unskilled]
   escape spells      [Unskilled]

Voluntary challenges:
 Character rerolling was not enabled.
 You were an atheist.
 You were illiterate.
 You never genocided any monsters.
 You never polymorphed an object.
 You never changed form.
 You used no wishes.
Achievements:
 You entered a shop.
 You entered the Gnomish Mines.
 You attained the rank of Skirmisher.

 The Dungeons of Doom: levels 1 to 4
    Level 1:
       An altar, a fountain.
    Level 2:
       An armor shop, some fountains.
    Level 3:
       A fountain.
       Stairs down to The Gnomish Mines.
    Level 4:
       A grave.
       Final resting place for
          2462064111-Tou-Hum-Mal-Neu, killed by a coyote.
 The Gnomish Mines: levels 4 to 5
    Level 4:
    Level 5: <- You were here.
       Final resting place for
          you, killed by a giant ant.


Vanquished creatures:
  4 gnome leaders
  a floating eye
  2 dwarves
  a rabid rat
 an iguana
  a coyote
  a brown mold
  a yellow mold
  a red mold
 13 gnomes
  4 geckos
  5 jackals
  a fox
  a kobold
  a goblin
  4 sewer rats
  5 grid bugs
  3 bats
  6 lichens
  5 newts
61 creatures vanquished.

No species were genocided or became extinct.

Game over:
                       ----------
                      /          \
                     /    REST    \
                    /      IN      \
                   /     PEACE      \
                  /                  \
                  |    2460080212    |
                  |      43 Au       |
                  |   killed by a    |
                  |    giant ant     |
                  |                  |
                  |                  |
                  |       2026       |
                 *|     *  *  *      | *
        _________)/\\_//(\/(/\)/\//\/|_)_______

Farvel 2460080212 the Valkyrie...

You died in The Gnomish Mines on dungeon level 5 with 487 points,
and 43 pieces of gold, after 3062 moves.
You were level 3 with a maximum of 34 hit points when you died.

